 Dungeon Crawl Stone Soup version 0.27-a0-1101-ge311f74bc8 (webtiles) character file.

Game seed: 16995452357358703467

88 derath95 the Conjurer (level 4, 0/24 HPs)
             Began as a Deep Elf Conjurer on Apr 28, 2021.
             Killed by divine providence
             ... invoked by an orc priest
              (11 damage)
             ... on level 3 of the Dungeon.
             The game lasted 00:06:55 (1746 turns).

derath95 the Conjurer (Deep Elf Conjurer)           Turns: 1746, Time: 00:06:55

Health: 0/24       AC:  2    Str:  4    XL:     4   Next: 29%
Magic:  2/12       EV: 12    Int: 24    God:
Gold:   110        SH:  0    Dex: 13    Spells: 8/11 levels left

rFire    . . .     SeeInvis .   h - +1 whip (distort)
rCold    . . .     Faith    .   (no shield)
rNeg     . . .     Spirit   .   a - +0 robe
rPois    +         Reflect  .   (no helmet)
rElec    .         Harm     .   (no cloak)
rCorr    .         Rampage  .   (no gloves)
Will     .....                  (no boots)
Stlth    ++........             (no amulet)
HPRegen  0.08/turn              o - ring of poison resistance
MPRegen  0.13/turn              c - ring of flight

@: flying, very slightly contaminated
A: no striking features
a: no special abilities


You were on level 3 of the Dungeon.
You visited 1 branch of the dungeon, and saw 3 of its levels.

You collected 110 gold pieces.

Inventory:

Hand Weapons
 g - a +0 short sword
 h - a +1 whip of distortion (weapon)
Armour
 a - a +0 robe (worn)
Jewellery
 c - a ring of flight (right hand)
 o - a ring of poison resistance (left hand)
Scrolls
 b - a scroll of noise {unknown}
 d - a scroll of magic mapping {unknown}
 j - a scroll of torment {unknown}
 k - a scroll of enchant armour {unknown}
 l - a scroll of enchant weapon {unknown}
Potions
 e - a potion of flight {unknown}
 f - a potion of cancellation {unknown}
 i - 2 potions of ambrosia {unknown}
 m - a potion of attraction {unknown}
 n - a potion of haste {unknown}


   Skills:
 + Level 2.7 Dodging
 + Level 2.5 Stealth
 + Level 4.0 Spellcasting
 + Level 5.8 Conjurations


You had 8 spell levels left.
You knew the following spells:

 Your Spells              Type           Power      Damage    Failure   Level
a - Magic Dart            Conj           100%       1d8       1%          1
b - Searing Ray           Conj           64%        3d5       1%          2

Your spell library contained the following spells:

 Spells                   Type           Power      Damage    Failure   Level
 Conjure Flame            Conj/Fire      18%        6-21      9%          3
 Dazzling Flash           Conj/Hex       36%        N/A       9%          3
 Animate Skeleton         Necr           8%         N/A       10%         1
 Pain                     Necr           16%        1d4       10%         1
 Mephitic Cloud           Conj/Pois/Air  14%        N/A       13%         3
 Blink                    Tloc           N/A        N/A       14%         2
 Call Imp                 Summ           4%         N/A       14%         2
 Slow                     Hex            4%         N/A       14%         2
 Vampiric Draining        Necr           2%         2d6       28%         3
 Fulminant Prism          Conj/Hex       9%         3d7       28%         4
 Iskenderun's Mystic Bla  Conj/Tloc      18%        2d6       28%         4
 Animate Dead             Necr           2%         N/A       67%         4
 Agony                    Necr           4%         N/A       95%         5


Dungeon Overview and Level Annotations

Branches:
Dungeon (3/15)

Altars:

Shops:
D:1 *


Message History

The orc priest shouts!
Casting: Magic Dart (safe; 1% risk of failure)
Confirm with . or Enter, or press ? or * to list all spells.
Aiming: Magic Dart (safe; 1% risk of failure)
Press: ? - help, Shift-Dir - straight line, f/p - adder
Aim: an adder (almost dead, 100% to hit)
The magic dart hits the adder!
You kill the adder!
An endoplasm comes into view.
A rat comes into view.
Your Spellcasting skill increases to level 4!
Casting: Magic Dart (safe; 1% risk of failure)
Confirm with . or Enter, or press ? or * to list all spells.
Aiming: Magic Dart (safe; 1% risk of failure)
Press: ? - help, Shift-Dir - straight line, f - orc priest
Aim: an orc priest, wielding a +0 whip (100% to hit)
You miscast Magic Dart.
You are very lightly contaminated with residual magic.
Nothing appears to happen.
The endoplasm quivers.
Casting: Magic Dart (safe; 1% risk of failure)
Confirm with . or Enter, or press ? or * to list all spells.
Aiming: Magic Dart (safe; 1% risk of failure)
Press: ? - help, Shift-Dir - straight line, f/p - orc priest
Aim: an orc priest, wielding a +0 whip (100% to hit)
The magic dart hits the orc priest.
The orc priest is moderately wounded.
An orc priest comes into view. It is wielding a +0 trident.
Casting: Magic Dart (safe; 1% risk of failure)
Confirm with . or Enter, or press ? or * to list all spells.
Aiming: Magic Dart (safe; 1% risk of failure)
Press: ? - help, Shift-Dir - straight line, f/p - orc priest
Aim: an orc priest, wielding a +0 whip (moderately wounded, 100% to hit)
The magic dart hits the orc priest.
The orc priest is heavily wounded.
The orc priest mumbles some strange prayers to Beogh against you.
Pain shoots through your body!
Ouch! That really hurt!
The orc priest calls down the wrath of Beogh upon you.
Beogh smites you!
You die...

######.<.#### #........#
#......)....# #........#
#.#####.###.###........#
#................#
####.####.########
#.##...# #.##.###
.######.##.#######
.......@..........
.######.##.#######
..######....#####
.>.o.r.o..........
)...)†Jr.####.....
.........# .....
.........# ....
.........# ####
.........#


You could see an orc priest and a rat.

Vanquished Creatures
  Ijyb (D:3)
  2 adders
  A dart slug (D:2)
  2 orcs (D:3)
  5 ball pythons
  2 bats
  3 endoplasms
  4 giant cockroaches
  3 goblins
  6 hobgoblins
  4 kobolds
  2 frilled lizards (D:2)
  2 rats (D:2)
37 creatures vanquished.

Notes
Turn   | Place    | Note
-------+----------+-------------------------------------------
     0 | D:1      | derath95 the Deep Elf Conjurer began the quest for the Orb.
     0 | D:1      | Reached XP level 1. HP: 10/10 MP: 6/6
   148 | D:1      | Reached XP level 2. HP: 15/15 MP: 1/8
   354 | D:1      | Found Eturi's General Store.
   418 | D:1      | Reached skill level 5 in Conjurations
   879 | D:2      | Reached XP level 3. HP: 19/19 MP: 6/9
  1265 | D:2      | Found a faded altar of an unknown god.
  1456 | D:3      | Noticed Ijyb
  1465 | D:2      | Learned a level 2 spell: Searing Ray
  1474 | D:3      | Killed Ijyb
  1475 | D:3      | Reached XP level 4. HP: 7/24 MP: 0/11
  1746 | D:3      | Killed from afar by an orc priest

Illustrated notes

Levels and vault maps discovered:
D:1:      grunt_arrival_crossed_arrows, layout_rooms, serial_shops, shop,
          serial_park_tiny_1, nrook_campfire
D:2:      layout_basic, chequers_ecumenical_altar_simple, minmay_pentomino_pile
D:3:      layout_basic, serial_shops, shop, uniq_ijyb

Skill      XL: |  1  2  3  4 |
---------------+-------------+-----
Conjurations   | 5 |  5.8
Spellcasting   | 4 |  4.0
Dodging        | |  2.7
Stealth        | |  2.5

Action                   |  1- 3 |  4- 6 || total
-------------------------+-------+-------++-------
 Cast: Magic Dart        |    49 |    12 ||    61
       Searing Ray       |     2 |       ||     2

Table legend: (Time is in decaauts)
 A = Elapsed time spent in this place.
 B = Non-inter-level travel time spent in this place.
 C = Inter-level travel time spent in this place.
 D = Time resting spent in this place.
 E = Time spent auto-exploring this place.
 F = Levels seen in this place.
 G = Mean time per level.
                   A        B        C        D        E       F      G
               +--------+--------+--------+--------+--------+-----+--------+
         Total |   1744 |   1723 |     21 |      0 |   1554 |   3 |  581.3 |
       Dungeon |   1744 |   1723 |     21 |      0 |   1554 |   3 |  581.3 |
               +--------+--------+--------+--------+--------+-----+--------+

Top non-repeatable levels by time:
     D:2: 830 daAuts
     D:1: 626 daAuts
     D:3: 288 daAuts
